 Dungeon Crawl Stone Soup version 0.29.1-4-g47bece8355 (webtiles) character file.

Game seed: 4727891556130789362

5035 safid the Marksminotaur (level 10, -2/88 HPs)
             Began as a Minotaur Hunter on Dec 5, 2022.
             Was a Priest of Okawaru.
             Slain by a basilisk (6 damage)
             ... on level 8 of the Dungeon.
             The game lasted 00:22:24 (11032 turns).

safid the Marksminotaur (Minotaur Hunter)          Turns: 11032, Time: 00:22:24

Health: -2/88      AC: 10    Str: 17    XL:     10   Next: 30%
Magic:  10/10      EV:  5    Int:  6    God:    Okawaru [***...]
Gold:   424        SH:  5    Dex: 17    Spells: 9/9 levels left

rFire   . . .      SeeInvis .   a - +0 shortbow
rCold   . . .      Faith    .   (shield currently unavailable)
rNeg    . . .      Spirit   .   i - +0 scale mail
rPois   +          Reflect  +   h - +2 hat
rElec   .          Harm     .   (no cloak)
rCorr   .          Rampage  .   u - +0 pair of gloves
Will    .....                   o - +0 pair of boots
Stlth   ..........              f - amulet of reflection
HPRegen 0.24/turn               j - ring of poison resistance
MPRegen 0.12/turn               (no ring)

@: petrifying, very slow
A: horns 2, retaliatory headbutt
a: Renounce Religion, Heroism


You were on level 8 of the Dungeon.
You worshipped Okawaru.
Okawaru was most pleased with you.
You visited 2 branches of the dungeon, and saw 9 of its levels.
You also visited: Sewer.

You collected 424 gold pieces.

Inventory:

Hand Weapons
 a - a +0 shortbow (weapon)
Armour
 h - a +2 hat (worn)
 i - a +0 scale mail (worn)
 o - a +0 pair of boots (worn)
 u - a +0 pair of gloves (worn)
Jewellery
 f - an amulet of reflection (around neck)
 j - a ring of poison resistance (left hand)
 p - a ring of fire
Wands
 w - a wand of flame (8)
Scrolls
 g - a scroll of silence
 l - 2 scrolls of magic mapping
 x - a scroll of teleportation
 A - a scroll of enchant armour
Potions
 b - a potion of might {unknown}
 c - 2 potions of curing
 d - a potion of ambrosia {unknown}
 e - 4 potions of haste
 k - 2 potions of lignification {unknown}
 m - a potion of degeneration {unknown}
 n - 3 potions of mutation
 q - 5 potions of invisibility
 r - a potion of flight {unknown}
 t - a potion of attraction {unknown}
 z - a potion of berserk rage {unknown}
 B - a potion of magic {unknown}


   Skills:
 - Level 8.0 Fighting
 + Level 15.2 Ranged Weapons
 - Level 2.1 Dodging
 - Level 0.7 Stealth
 + Level 2.3 Invocations


You had 9 spell levels left.
You didn't know any spells.
Your spell library contained the following spells:

 Spells                   Type           Power      Damage    Failure   Level
 Freeze                   Ice            0%         1d3       88%         1
 Shock                    Conj/Air       0%         1d3       88%         1
 Sting                    Tmut/Pois      0%         1d3       88%         1
 Poisonous Vapours        Pois/Air       0%         N/A       95%         2
 Frozen Ramparts          Ice            0%         1d1       99%         3
 Ignite Poison            Fire/Tmut/Pois 0%         N/A       99%         3
 Mephitic Cloud           Conj/Pois/Air  0%         N/A       99%         3
 Swiftness                Air            0%         N/A       99%         3
 Airstrike                Air            0%         2d(0-16)  100%        4
 Hailstorm                Conj/Ice       0%         3d3       100%        4
 Olgreb's Toxic Radiance  Pois           0%         N/A       100%        4
 Freezing Cloud           Conj/Ice/Air   0%         6-21      100%        5


Dungeon Overview and Level Annotations

Branches:
Dungeon (8/15)             Temple (1/1) D:5            Lair (0/5) D:8
  Sewer (visited)

Altars:
Ashenzari
Cheibriados
Dithmenos
Elyvilon
Gozag
Hepliaklqana
Kikubaaqudgha
Makhleb
Nemelex Xobeh
Okawaru
Qazlal
Ru
Sif Muna
Trog
Uskayaw
Vehumet
Wu Jian
Xom
Yredelemnul
Zin
The Shining One

Shops:
D:1 :   D:2 =


Innate Abilities, Weirdness & Mutations

You have a pair of horns on your head.
You reflexively headbutt those who attack you in melee.


Message History

You resist with some effort.
Fire: a) +0 shortbow
Press: ? - help, Q - select action, (/) - cycle Shift-Dir - straight line, f/p - basilisk
Aim: a basilisk (severely wounded, 65% to hit)
You shoot an arrow. The arrow barely misses the basilisk.
The basilisk bites you!
* * * LOW HITPOINT WARNING * * *
Fire: a) +0 shortbow
Press: ? - help, Q - select action, (/) - cycle Shift-Dir - straight line, f/p - basilisk
Aim: a basilisk (severely wounded, 65% to hit)
You shoot an arrow. The arrow hits the basilisk!
The basilisk is almost dead.
The basilisk bites you.
* * * LOW HITPOINT WARNING * * *
Fire: a) +0 shortbow
Press: ? - help, Q - select action, (/) - cycle Shift-Dir - straight line, f/p - basilisk
Aim: a basilisk (almost dead, 65% to hit)
You shoot an arrow. The arrow closely misses the basilisk.
The basilisk bites you but does no damage.
Unknown command.
Fire: a) +0 shortbow
Press: ? - help, Q - select action, (/) - cycle Shift-Dir - straight line, f/p - basilisk
Aim: a basilisk (almost dead, 65% to hit)
You shoot an arrow. The arrow hits the basilisk.
The basilisk is almost dead.
The basilisk gazes at you.
You are slowing down.
Unknown command.
Unknown command.
Unknown command.
Unknown command.
Unknown command.
Unknown command.
Unknown command.
Fire: a) +0 shortbow
Press: ? - help, Q - select action, (/) - cycle Shift-Dir - straight line, f/p - basilisk
Aim: a basilisk (almost dead, 65% to hit)
You shoot an arrow. The arrow barely misses the basilisk.
The basilisk bites you!
You die...

#.# ##########.# ###.#
#.# ######## ....# #.#
#......[ ##### #.#
#.###### #.# #.# #.# #.#
#.# #.# # #### ### #.#
### ##l@# .... #.###.###
### .#... ##....# ####.#
#.....##.##### ##
####...## ...D.§...§####
#.##...###..
.............###
####..#### #..
.#..###........###.....#
### ##
#.#.###.........###
###..#.####.#####


You could see a basilisk.

Vanquished Creatures
  A cyclops (D:7)
  A komodo dragon (D:8)
  A troll (D:6)
  A basilisk (D:8)
  2 steam dragons
  Duvessa (D:4)
  2 water moccasins (D:8)
  3 orc warriors
  A black bear (D:5)
  An ice beast (D:7)
  3 sky beasts
  An ogre (D:5)
  3 phantoms
  2 centaurs
  A kobold brigand (D:7)
  A gnoll sergeant (D:5)
  A necrophage (D:5)
  Blork the orc (D:5)
  5 bullfrogs
  2 scorpions
  6 wights
  Dowan (D:4)
  3 howler monkeys
  A vampire bat (D:4)
  3 hounds
  3 orc priests
  2 jellies
  A gnoll bouda (D:7)
  2 iguanas (D:4)
  7 orc wizards
  9 gnolls
  4 river rats (Sewer)
  16 adders
  3 white imps
  2 ufetubi
  4 worms
  5 dart slugs
  3 fire bats (D:4)
  33 orcs
  2 spectral bats (D:4)
  20 ball pythons
  19 bats
  3 bat skeletons (D:4)
  A bat zombie (D:4)
  5 endoplasms
  8 giant cockroaches
  7 goblins
  9 hobgoblins
  7 jackals
  8 quokkas
  A bat simulacrum (D:4)
  9 frilled lizards
  12 kobolds
  36 rats
289 creatures vanquished.

Vanquished Creatures (others)
  4 plants (D:2)
4 creatures vanquished.

Grand Total: 293 creatures vanquished

Notes
Turn   | Place    | Note
-------+----------+-------------------------------------------
     0 | D:1      | safid the Minotaur Hunter began the quest for the Orb.
     0 | D:1      | Reached XP level 1. HP: 18/18 MP: 0/0
    61 | D:1      | Reached XP level 2. HP: 26/26 MP: 1/1
   698 | D:1      | Found Mueruah's Book Shoppe.
   792 | D:1      | Reached skill level 5 in Ranged Weapons
   792 | D:1      | Reached XP level 3. HP: 31/31 MP: 2/2
  1521 | D:2      | Reached XP level 4. HP: 40/40 MP: 3/3
  1530 | D:2      | Found Wypsoneil's Jewellery Emporium.
  1700 | D:2      | Identified the +5 dagger of Intimidation {protect, Contam
                  | rC+ Int+2 Dex+5}
  1764 | D:2      | Found a faded altar of an unknown god.
  2441 | D:3      | Reached XP level 5. HP: 47/47 MP: 4/4
  2664 | D:3      | Found a burning altar of Makhleb.
  2797 | D:4      | Noticed a phantom
  2807 | D:4      | Killed a phantom
  2808 | D:4      | Reached skill level 5 in Fighting
  2808 | D:4      | Reached skill level 6 in Ranged Weapons
  2880 | D:4      | Reached XP level 6. HP: 52/57 MP: 5/5
  3016 | D:4      | Noticed Duvessa
  3030 | D:4      | Noticed Dowan
  3043 | D:4      | Killed Duvessa
  3044 | D:4      | Reached skill level 7 in Ranged Weapons
  3047 | D:4      | Killed Dowan
  3048 | D:4      | Reached XP level 7. HP: 25/64 MP: 6/6
  3770 | D:4      | Reached skill level 8 in Ranged Weapons
  3926 | D:5      | Entered Level 5 of the Dungeon
  4183 | D:5      | Noticed Blork the orc
  4201 | D:5      | Killed Blork the orc
  4202 | D:5      | Reached XP level 8. HP: 6/74 MP: 7/7
  4318 | D:5      | Found a glowing drain.
  4329 | Sewer    | Entered a sewer
  4604 | Sewer    | Reached skill level 9 in Ranged Weapons
  4995 | D:5      | Reached skill level 10 in Ranged Weapons
  5193 | D:5      | Found a staircase to the Ecumenical Temple.
  5201 | Temple   | Entered the Ecumenical Temple
  5224 | Temple   | Became a worshipper of Warmaster Okawaru
  5772 | D:5      | HP: 1/74 [orc warrior/+0 mace (13)]
  5774 | D:5      | Reached skill level 11 in Ranged Weapons
  6613 | D:6      | Reached XP level 9. HP: 74/81 MP: 8/8
  6829 | D:6      | Noticed a troll
  6839 | D:6      | Killed a troll
  6839 | D:6      | Reached * piety under Okawaru
  6840 | D:6      | Reached skill level 12 in Ranged Weapons
  7060 | D:6      | Found an opulent altar of Gozag.
  7478 | D:7      | Found an ornate altar of the Wu Jian Council.
  7478 | D:7      | Found a bloodstained altar of Trog.
  7597 | D:7      | Reached skill level 13 in Ranged Weapons
  7725 | D:7      | Found a shadowy altar of Dithmenos.
  7727 | D:7      | Found a shimmering blue altar of Sif Muna.
  7728 | D:7      | Found a basalt altar of Yredelemnul.
  7846 | D:7      | Noticed a cyclops
  7858 | D:7      | Killed a cyclops
  7858 | D:7      | Reached ** piety under Okawaru
  7859 | D:7      | Reached skill level 14 in Ranged Weapons
  8298 | D:7      | Identified the +0 chain mail of the Lost Path {rElec Dex+3}
  8664 | D:7      | Found a glowing golden altar of the Shining One.
  8893 | D:7      | Reached XP level 10. HP: 81/88 MP: 9/9
  9573 | D:8      | Reached skill level 15 in Ranged Weapons
 10544 | D:8      | Reached *** piety under Okawaru
 10545 | D:8      | Reached skill level 1 in Invocations
 10992 | D:8      | Found a staircase to the Lair.
 11028 | D:8      | HP: 4/88 [basilisk (13)]
 11032 | D:8      | Slain by a basilisk

Illustrated notes

Levels and vault maps discovered:
D:1:      lightli_arrival_lavapool, layout_basic, serial_shops, shop_fountains
D:2:      layout_basic, serial_shops, nicolae_shop_stone,
          ebering_ecumenical_altar_abandoned, serial_bayou_lagoon_a,
          chequers_decorated_corner
D:3:      layout_rooms, lightli_temple_of_fire
D:4:      layout_rooms, goddamned_bats, uniq_duvessa
D:5:      layout_basic, minmay_temple_entry_mini_moons, serial_co_window_serial,
          co_window_paths_a, co_window_paths_a, co_window_of_opportunity_a,
          co_window_paths_a, co_window_of_opportunity_a,
          co_window_of_opportunity_b, co_window_broadway_a, co_window_corner_b,
          co_window_paths_d, co_window_4corner_b, glass_columns_a,
          glass_columns_a, glass_columns_c, glass_columns_b,
          gup_sewer_entry_pipe, uniq_blork_the_orc
D:6:      minmay_spotlight, layout_loops_ring, mainiacjoe_overflow_boulevard,
          minmay_misc_feat_x, minmay_three_doors
D:7:      layout_loops_ring, nicolae_tso_swordbearing_angel,
          grunt_temple_overflow_open, kennysheep_generic_room_3
D:8:      layout_loops_ring, erik_lair_dragon
Temple:   nicolae_temple_ecumenical_triangle

Skill      XL: |  1  2  3  4  5  6  7  8  9 10 |
---------------+-------------------------------+-----
Fighting       | 3 4 5 6 8 |  8.0
Ranged Weapons | 5 6 7 8 11 14 15 | 15.2
Invocations    | 2 |  2.3
Dodging        | |  2.1
Stealth        | |  0.7

Action                   |  1- 3 |  4- 6 |  7- 9 | 10-12 || total
-------------------------+-------+-------+-------+-------++-------
 Fire: Shortbow          |   116 |   167 |   601 |   154 ||  1038
  Use: Potion            |       |     1 |       |     2 ||     3
       Scroll            |       |       |    12 |     4 ||    16
Armor: Leather armour    |    11 |       |       |       ||    11
       Scale mail        |     8 |    90 |   151 |    22 ||   271
Dodge: Dodged            |    43 |    84 |   187 |    41 ||   355
Block: Other             |       |       |    23 |    15 ||    38
       Reflection        |       |       |     1 |       ||     1
